 Dungeon Crawl Stone Soup version 0.18-a0-888-gdb73dea (webtiles) character file.

120438 dvd the Necromancer (level 16, -3/121 HPs)
             Began as a Demonspawn Necromancer on Dec 20, 2015.
             Was the Champion of Ru.
             Slain by a naga warrior
             ... wielding a +0 halberd
              (5 damage)
             ... on level 4 of the Snake Pit on Dec 23, 2015.
             The game lasted 04:10:45 (34281 turns).

dvd the Necromancer (Demonspawn Necromancer)       Turns: 34281, Time: 04:10:45

Health: -3/121     AC: 21    Str: 18    XL:     16   Next: 30%
Magic:  7/34       EV: 16    Int: 19    God:    Ru [******]
Gold:   2588       SH: 10    Dex: 17    Spells: 9 memorised, 17 levels left

rFire  . . .     SeeInvis .     c - +7 war axe (chop)
rCold  + + +     Gourm    .     Y - +2 robe {MR+}
rNeg   . . .     Faith    .     h - +2 buckler
rPois  +         Spirit   .     (helmet restricted)
rElec  .         Dismiss  .     C - +2 cloak {MR+}
rCorr  .         Reflect  +     H - +2 pair of gloves {Dex+3}
SustAt .         Harm     .     W - +2 pair of boots {rC+}
MR     +++..     Clarity  +     m - +3 amulet of reflection
Stlth  ..........               S - ring of the Oligarchy {rPois MR- AC+6 Slay+2}
                                d - ring of protection from magic

@: mighty, regenerating, constricted, repel missiles, extremely resistant to
hostile enchantments, extremely unstealthy
A: hooves 1, horns 2, rugged brown scales 2, clarity, cold resistance 2, demonic
guardian 2, screaming 1, rot immunity, no stealth, inability to use devices,
inability to train armour, no hexes magic, no ice magic, no translocations magic
a: Draw Out Power, Power Leap, Apocalypse, Renounce Religion


You were on level 4 of the Snake Pit.
You worshipped Ru.
Ru was exalted by your worship.
You were not hungry.

You visited 5 branches of the dungeon, and saw 29 of its levels.
You also visited: Ice Cave.

You collected 3044 gold pieces.
You spent 456 gold pieces at shops.

Inventory:

Hand Weapons
 a - a +1 trident of venom
 b - a +2 trident of flaming
 c - a +7 war axe of chopping (weapon)
 j - a +2 executioner's axe of freezing
 o - the +6 Majin-Bo {vamp, Archmagi MP+6 Int+6}
   (You found it on level 8 of the Lair of Beasts)

   It inflicts no extra harm, but heals its wielder somewhat when it strikes a
   living foe.
   It affects your intelligence (+6).
   It affects your magic capacity (+6).
 s - a +1 war axe of flaming
 I - a +0 war axe of pain
 T - a +1 halberd of protection
 Z - a +5 eveningstar of venom
Armour
 h - a +2 buckler (worn)
 v - a +2 robe of cold resistance
 x - the +2 leather armour of the Abyss {Dex+2 Stlth+}
   (You bought it in a shop on level 4 of the Dungeon)

   It affects your dexterity (+2).
   It makes you more stealthy.
 C - a +2 cloak of magic resistance (worn)
 H - a +2 pair of gloves of dexterity (worn)
 W - a +2 pair of boots of cold resistance (worn)
 Y - a +2 robe of magic resistance (worn)
Magical Staves
 y - an uncursed staff of fire
Jewellery
 d - a ring of protection from magic (left hand)
 g - an uncursed ring of positive energy
 m - a +3 amulet of reflection (around neck)
 w - an uncursed ring of magical power
 A - a +3 ring of slaying
 K - an uncursed ring of protection from cold
 M - a +3 ring of evasion
 S - the ring of the Oligarchy (right hand) {rPois MR- AC+6 Slay+2}
   (You found it on level 10 of the Dungeon)

   [ring of protection]

   It affects your AC (+6).
   It affects your accuracy and damage with ranged weapons and melee attacks
   (+2).
   It protects you from poison.
   It affects your resistance to hostile enchantments.
Scrolls
 e - 8 scrolls of teleportation
 f - 21 scrolls of identify
 l - 2 scrolls of magic mapping
 u - 6 scrolls of fog
 E - a scroll of remove curse
 F - 3 scrolls of amnesia
 L - 2 scrolls of blinking
 Q - a scroll of enchant armour
 V - a scroll of fear
Potions
 i - a potion of agility
 n - 2 potions of flight
 q - 9 potions of curing
 z - 3 potions of haste
 N - 2 potions of cancellation
 P - a potion of berserk rage
 X - a potion of brilliance
Books
 p - a Necronomicon

   Spells                             Type                      Level
   a - Haunt                          Necromancy/Summoning         7
   b - Borgnjor's Revivification      Necromancy                   8
   c - Death's Door                   Charms/Necromancy            8
   d - Necromutation                  Transmutation/Necromancy     8
 r - a book of Necromancy

   Spells                             Type                      Level
   a - Pain                           Necromancy                   1
   b - Animate Skeleton               Necromancy                   1
   c - Vampiric Draining              Necromancy                   3
   d - Regeneration                   Charms/Necromancy            3
   e - Animate Dead                   Necromancy                   4
   f - Control Undead                 Necromancy                   4
 B - a book of Callings

   Spells                             Type                      Level
   a - Summon Small Mammal            Summoning                    1
   b - Call Imp                       Summoning                    2
   c - Call Canine Familiar           Summoning                    3
   d - Summon Guardian Golem          Hexes/Summoning              3
   e - Summon Lightning Spire         Summoning/Air                4
   f - Summon Ice Beast               Ice/Summoning                4
 O - a book of Air

   Spells                             Type                      Level
   a - Shock                          Conjuration/Air              1
   b - Swiftness                      Charms/Air                   2
   c - Repel Missiles                 Charms/Air                   2
   d - Static Discharge               Conjuration/Air              3
   e - Lightning Bolt                 Conjuration/Air              5
 R - a Grand Grimoire

   Spells                             Type                      Level
   a - Monstrous Menagerie            Summoning                    6
   b - Summon Greater Demon           Summoning                    7
   c - Malign Gateway                 Summoning/Translocation      7
   d - Summon Horrible Things         Summoning                    8
Comestibles
 D - 21 fruits
 G - 21 bread rations
 J - 4 meat rations


   Skills:
 + Level 7.7 Fighting
 + Level 4.4(8.0) Axes
 * Level 10.2(10.6) Polearms
 + Level 10.1 Dodging
 * Level 3.0 Shields
 - Level 0.1 Unarmed Combat
 + Level 14.1 Spellcasting
 + Level 3.1 Charms
 * Level 10.0 Summonings
 + Level 15.0 Necromancy
 + Level 1.1 Air Magic


You had 17 spell levels left.
You knew the following spells:

 Your Spells              Type           Power        Failure   Level  Hunger
a - Pain                  Necr           ####         0%          1    None
b - Control Undead        Necr           ######....   1%          4    None
c - Vampiric Draining     Necr           ######....   1%          3    None
d - Regeneration          Chrm/Necr      #####.....   1%          3    None
e - Animate Dead          Necr           N/A          1%          4    None
f - Call Imp              Summ           ######..     1%          2    None
g - Call Canine Familiar  Summ           ######..     1%          3    None
h - Summon Lightning Spi  Summ/Air       ####....     6%          4    None
i - Repel Missiles        Chrm/Air       ###...       3%          2    None


Dungeon Overview and Level Annotations

Branches:
Dungeon (14/15)            Temple (1/1) D:4            Lair (8/8) D:10
 Shoals (0/4) Lair:4        Snake (4/4) Lair:5        Slime (0/6) Lair:8
    Orc (2/2) D:10            Elf (0/3) Orc:2        Vaults (0/5) D:14

Altars:
Ashenzari
Cheibriados
Dithmenos
Elyvilon
Fedhas
Gozag
Kikubaaqudgha
Makhleb
Nemelex Xobeh
Okawaru
Pakellas
Qazlal
Ru
Sif Muna
Trog
Vehumet
Xom
Yredelemnul
Zin
The Shining One
Beogh
Jiyva

Shops:
D:4 [   D:5 %   D:13 ?!   D:14 [   Orc:2 [%**   Snake:1 (

Annotations:
D:5 Duffy's ghost, amateur GrMo
D:9 exclusion: downstairs


Innate Abilities, Weirdness & Mutations

You have a pair of horns on your head.
You are mostly covered in rugged brown scales (AC +2, +5% HP).
A demonic guardian rushes to your aid.
You occasionally shout uncontrollably at your foes.
You are immune to rotting.
You cannot be stealthy.
You cannot study or use magical devices.
You cannot train Armour skill.
You cannot study or cast Hexes magic.
You cannot study or cast Ice magic.
You cannot study or cast Translocations magic.
You have large cloven feet.
You possess an exceptional clarity of mind.
Your flesh is very cold resistant.


Message History

You feel better.
You are engulfed in a cloud of scalding steam.
* * * LOW HITPOINT WARNING * * *
You focus your will and slow your smoke demon in retribution!
Your smoke demon barely misses the naga ritualist.
Your smoke demon hits the naga ritualist but does no damage. x2
The naga ritualist hits your smoke demon with a scimitar of venom!
Your smoke demon is poisoned.
You block the guardian serpent's attack.
Your smoke demon hits the guardian serpent.
Your smoke demon hits the guardian serpent but does no damage.
Your smoke demon barely misses the guardian serpent.
Your naga zombie is engulfed in a cloud of scalding steam.
Drink which item? (? for menu, Esc to quit)
You feel very mighty all of a sudden.
The naga ritualist stops glowing.
The guardian serpent begins to cast a spell, but is stunned by your will!
The naga warrior hits you with a halberd!
* * * LOW HITPOINT WARNING * * *
You die...

#..##..............#### ****#...
#..##..............)..##### ##...
..###..............).(....# #....
..#*#................)....###...2
,..................()....##....†Z
,,..................).........)..
,,...............................
,,,,.............................
.,,,...........3@Z...............
.,,,,,,,......)SN3.Z.......^##...
,,,,,,,,........NZ)..........###.
,,,,,,,,........§§...........**#.
,,**,,,,..................,,,,*#.
****,,,,.............####***,**#.
* **,,,,............## *** #.
**,,,,,............#* #.
**,,,,,*,,,,,,,,,,,,,******* *#.


You could see a naga warrior, a naga ritualist, a guardian serpent, 2 friendly
smoke demons, a friendly naga zombie and 2 friendly naga zombies.

Vanquished Creatures
  Kirke (Snake:2)
  2 greater nagas
  An orc warlord (Orc:2)
  The ghost of Raultor the Brawler, a journeyman DrMo of Ashenzari (Lair:7)
  Nessos (Lair:5)
  The ghost of JokEr the Impaler, a journeyman MfFi of Okawaru (Lair:1)
  3 vault guards (D:14)
  The ghost of chonchonts the Severer, a journeyman MiFi of Cheibriados (D:12)
  Harold (Lair:4)
  4 naga warriors
  A catoblepas (Lair:8)
  3 hydras
  6 anacondas
  5 death yaks (Lair:8)
  3 centaur warriors (D:14)
  A naga sharpshooter (Snake:2)
  A deep troll shaman (Lair:8)
  4 shock serpents
  5 orc high priests (Orc:2)
  Nergalle (Lair:2)
  3 skeletal warriors
  2 salamander mystics
  4 hill giants
  5 unseen horrors
  2 naga ritualists
  4 salamanders
  A deep elf mage (D:10)
  8 ugly things
  A wolf spider (D:14)
  4 mana vipers
  2 orc sorcerers (Orc:1)
  A griffon (Lair:3)
  5 elephants (Lair:8)
  A centaur zombie (D:13)
  18 black mambas
  4 naga magi
  2 ice statues (IceCv)
  9 spiny frogs
  2 komodo dragons (Lair:3)
  3 kobold demonologists (D:13)
  4 trolls
  2 fire drakes
  6 ice devils (IceCv)
  3 merfolk (Lair:4)
  3 blink frogs
  2 slime creatures (D:12)
  2 two-headed ogres
  2 boulder beetles
  2 vampires
  2 wraiths
  24 yaks
  A basilisk (Lair:5)
  2 wyverns
  2 wargs (Orc:2)
  2 hogs
  A hungry ghost (D:12)
  11 hippogriffs
  7 water moccasins
  A porcupine (Lair:1)
  13 nagas
  3 sky beasts
  A wasp (D:9)
  18 wolves
  5 black bears
  A phantom (D:8)
  11 ogres
  3 ice beasts
  11 orc warriors
  6 centaurs
  6 crocodiles
  4 big kobolds
  2 gnoll sergeants
  16 giant frogs
  A wyvern zombie (D:14)
  7 scorpions
  7 wights
  11 killer bees
  6 electric eels
  5 crimson imps
  8 hounds
  A centaur skeleton (D:8)
  4 jellies
  7 iguanas
  30 orc priests
  2 giant frog skeletons
  3 gnoll shamans (D:10)
  9 worker ants
  Natasha (thrice) (D:4)
  11 orc wizards
  21 sheep
  A hound zombie (D:11)
  3 hound skeletons
  2 worker ant zombies (D:6)
  11 gnolls
  11 adders
  29 river rats
  A shadow imp (D:4)
  7 white imps (IceCv)
  4 ufetubi (IceCv)
  4 oozes
  4 worms
  2 giant geckos
  81 orcs
  9 bats
  A bat skeleton (D:2)
  3 giant cockroaches
  7 hobgoblins
  3 ball pythons
  A ball python zombie (D:2)
  A giant cockroach zombie (D:2)
  6 giant newts
  10 goblins
  6 jackals
  A jackal zombie (D:2)
  30 kobolds
  9 quokkas
  A quokka skeleton (D:7)
  10 rats
  5 fungi (Lair:5)
  3 plants
708 creatures vanquished.

Vanquished Creatures (collateral kills)
  4 greater nagas
  The ghost of root the Bludgeoner, a journeyman OgBe of Trog (IceCv)
  Maud (Lair:4)
  3 vault guards (D:14)
  3 naga warriors
  2 hydras
  Erica (D:9)
  A centaur warrior (D:14)
  A catoblepas (D:13)
  3 anacondas
  A shock serpent (Snake:4)
  An orc high priest (Orc:2)
  5 naga sharpshooters
  3 skeletal warriors
  5 sea snakes (Snake:4)
  3 naga ritualists
  A lindwurm (Lair:8)
  2 ugly things (D:14)
  5 hill giants
  3 deep elf magi
  3 manticores
  3 salamanders
  7 elephants (Lair:8)
  Maurice (Orc:2)
  7 black mambas
  2 guardian serpents (Snake:4)
  2 gargoyles
  6 naga magi
  3 komodo dragons
  3 spiny frogs
  5 ice devils (IceCv)
  2 polar bears
  3 two-headed ogres
  2 fire drakes
  2 trolls (Orc:2)
  3 merfolk
  A slime creature (D:12)
  6 blink frogs
  A hog (Snake:2)
  5 basilisks
  A wyvern (D:14)
  3 hippogriffs
  28 yaks
  A hungry ghost (D:7)
  The ghost of JokEr the Poker, an amateur MfFi (D:3)
  12 nagas
  A shadow (D:13)
  7 wargs
  A water moccasin (Lair:3)
  10 wolves
  4 porcupines
  7 orc warriors
  An ice beast (D:6)
  A phantom (D:10)
  2 sky beasts
  8 black bears
  4 ogres
  A crocodile (Lair:7)
  5 centaurs
  4 giant frogs
  A wyvern skeleton (D:14)
  3 wights
  A killer bee (D:13)
  3 electric eels
  A crimson imp (D:8)
  2 hounds
  A giant frog skeleton (D:11)
  A jelly (Lair:8)
  12 orc priests
  4 iguanas
  5 orc wizards
  12 sheep
  An adder (D:11)
  3 gnolls (D:10)
  A shadow imp (D:14)
  7 river rats
  17 orcs
  8 kobolds
  A giant gecko (D:9)
  A goblin (D:3)
  A bush (D:10)
  4 fungi
  3 plants
311 creatures vanquished.

Vanquished Creatures (others)
  A hydra (Lair:4)
  A naga warrior (Snake:1)
  A shock serpent (Snake:3)
  A naga ritualist (Snake:4)
  A hill giant (D:12)
  A mana viper (Snake:3)
  A black mamba (Snake:2)
  A yaktaur (shapeshifter) (D:14)
  An ice devil (IceCv)
  2 trolls
  A two-headed ogre (D:10)
  A wyvern (D:14)
  5 humans (Snake:2)
  A hippogriff (Lair:5)
  A naga (Snake:3)
  A black bear (D:9)
  An orc warrior (D:10)
  A killer bee (D:11)
  A hound (D:10)
  An iguana (Lair:2)
  2 white imps (IceCv)
  4 ufetubi (IceCv)
  An orc (Orc:2)
  17 fungi
  60 plants
109 creatures vanquished.

Grand Total: 1128 creatures vanquished

Notes
Turn   | Place    | Note
--------------------------------------------------------------
     0 | D:1      | dvd the Demonspawn Necromancer began the quest for the Orb.
     0 | D:1      | Reached XP level 1. HP: 13/13 MP: 3/3
    16 | D:1      | Learned a level 1 spell: Animate Skeleton
   396 | D:1      | Gained mutation: A weak demonic guardian rushes to your aid. [demonic ancestry]
   396 | D:1      | Reached XP level 2. HP: 19/19 MP: 3/5
   908 | D:2      | Reached skill level 5 in Necromancy
  1417 | D:2      | Reached XP level 3. HP: 21/24 MP: 2/6
  1432 | D:2      | Learned a level 3 spell: Vampiric Draining
  1601 | D:2      | Found a stormy altar of Qazlal.
  2035 | D:2      | Reached XP level 4. HP: 28/31 MP: 4/7
  2324 | D:3      | Found a faded altar to an unknown god.
  2338 | D:3      | Reached skill level 1 in Fighting
  2555 | D:3      | Noticed JokEr's ghost (amateur MfFi)
  2950 | D:3      | Killed JokEr's ghost
  2950 | D:3      | Reached XP level 5. HP: 30/37 MP: 9/9
  3097 | D:3      | Learned a level 3 spell: Regeneration
  3273 | D:4      | Found a sacrificial altar of Ru.
  3282 | D:4      | Reached skill level 1 in Polearms
  3296 | D:4      | Became a worshipper of Ru the Awakened
  3409 | D:4      | Gained mutation: You are immune to rotting. [demonic ancestry]
  3409 | D:4      | Reached XP level 6. HP: 43/43 MP: 10/10
  3427 | D:4      | Found a white marble altar of Elyvilon.
  3429 | D:4      | Noticed Natasha
  3436 | D:4      | Killed Natasha
  3481 | D:4      | Noticed Natasha
  3485 | D:4      | Killed Natasha
  3548 | D:4      | Noticed Natasha
  3550 | D:4      | Killed Natasha
  3622 | D:4      | Found Boeshrow's Antique Armour Shop.
  3629 | D:4      | Bought an embroidered cloak for 108 gold pieces
  3727 | D:4      | Reached skill level 6 in Necromancy
  3752 | D:4      | Found an iron altar of Okawaru.
  3752 | D:4      | Found a bloodstained altar of Trog.
  4040 | D:4      | Found a staircase to the Ecumenical Temple.
  4049 | Temple   | Entered the Ecumenical Temple
  4244 | D:5      | Entered Level 5 of the Dungeon
  4315 | D:5      | Found Erghon's Food Emporium.
  4362 | D:5      | Learned a level 4 spell: Animate Dead
  4532 | D:5      | Reached XP level 7. HP: 43/48 MP: 4/13
  4584 | D:5      | Gained mutation: You cannot study or use magical devices. [Ru sacrifice]
  4584 | D:5      | Reached * piety under Ru
  4584 | D:5      | Reached ** piety under Ru
  4584 | D:5      | Reached *** piety under Ru
  4657 | D:5      | Noticed Duffy's ghost (amateur GrMo)
  5951 | D:6      | Learned a level 4 spell: Control Undead
  6023 | D:6      | Reached skill level 7 in Necromancy
  6444 | D:6      | Found a shadowy altar of Dithmenos.
  6509 | D:6      | Reached skill level 5 in Spellcasting
  6509 | D:6      | Gained mutation: A demonic guardian rushes to your aid. [demonic ancestry]
  6509 | D:6      | Reached XP level 8. HP: 45/56 MP: 11/15
  7213 | D:4      | Bought a turquoise-encrusted leather armour for 168 gold pieces
  7223 | D:4      | Identified the +2 leather armour of the Abyss {Dex+2 Stlth+} (You bought it in a shop on level 4 of the Dungeon)
  7609 | D:6      | Reached skill level 8 in Necromancy
  7723 | D:6      | Found a shimmering altar of Xom.
  7898 | D:7      | Gained mutation: You cannot study or cast Ice magic. [Ru sacrifice]
  7898 | D:7      | Gained mutation: You cannot study or cast Hexes magic. [Ru sacrifice]
  7898 | D:7      | Gained mutation: You cannot study or cast Translocations magic. [Ru sacrifice]
  7898 | D:7      | Reached **** piety under Ru
  7931 | D:7      | Gained mutation: Your flesh is cold resistant. [potion of beneficial mutation]
  8043 | D:7      | Reached XP level 9. HP: 60/62 MP: 18/18
  8199 | D:7      | Found a shattered altar of Ashenzari.
  8660 | D:7      | Reached skill level 1 in Armour
  8785 | D:8      | Got a heavily runed chain mail
  8796 | D:8      | Identified the cursed +0 chain mail "Bagaozoo" {rN+ Int+7 Stlth-} (You found it on level 8 of the Dungeon)
  8979 | D:8      | Reached skill level 9 in Necromancy
  9406 | D:8      | Found a basalt altar of Yredelemnul.
  9545 | D:8      | Killed an unseen horror
  9545 | D:8      | Reached skill level 5 in Dodging
  9769 | D:8      | You fall through a shaft for 3 floors!
  9769 | D:11     | Noticed a red ugly thing
  9780 | D:11     | Killed a red ugly thing
  9796 | D:11     | You fall through a shaft for 2 floors!
  9796 | D:13     | Noticed a six-headed hydra
  9796 | D:13     | Noticed a komodo dragon
  9800 | D:13     | Noticed a manticore
  9800 | D:13     | Found Agasefo's Distillery.
  9815 | D:13     | Killed a manticore
  9815 | D:13     | Reached XP level 10. HP: 53/70 MP: 21/21
  9910 | D:12     | Noticed a hill giant
  9919 | D:12     | Killed a hill giant
  9928 | D:12     | Gained mutation: You cannot train Armour skill. [Ru sacrifice]
  9928 | D:12     | Reached ***** piety under Ru
  9950 | D:12     | Killed an unseen horror
  9956 | D:12     | Noticed a hill giant
  9960 | D:12     | Killed a hill giant
  9960 | D:12     | Reached skill level 10 in Necromancy
 10132 | D:12     | Noticed a deep elf mage
 10141 | D:12     | Killed a deep elf mage
 10167 | D:12     | Learned a level 2 spell: Call Imp
 10410 | D:11     | Noticed a hill giant
 10423 | D:11     | Killed a hill giant
 10642 | D:11     | Reached skill level 1 in Charms
 10729 | D:10     | Entered Level 10 of the Dungeon
 10845 | D:10     | Gained mutation: You are partially covered in rugged brown scales (AC +1, +3% HP). [demonic ancestry]
 10845 | D:10     | Reached XP level 11. HP: 67/79 MP: 18/24
 10858 | D:10     | Reached skill level 11 in Necromancy
 11081 | D:10     | Got a transparent iron ring
 11171 | D:10     | Noticed a skeletal warrior
 11173 | D:10     | Noticed a skeletal warrior
 11174 | D:10     | Noticed a skeletal warrior
 11175 | D:10     | Identified the ring of the Oligarchy {rPois MR- AC+6 Slay+2} (You found it on level 10 of the Dungeon)
 11209 | D:10     | Killed a skeletal warrior
 11225 | D:10     | Reached skill level 1 in Summonings
 11295 | D:10     | Killed a skeletal warrior
 11295 | D:10     | Reached skill level 5 in Stealth
 11297 | D:10     | Killed a skeletal warrior
 11311 | D:10     | Noticed a hill giant
 11322 | D:10     | Killed a hill giant
 11626 | D:10     | Found a staircase to the Orcish Mines.
 11651 | D:10     | Found a sparkling altar of Nemelex Xobeh.
 11657 | D:10     | Noticed a hill giant
 11666 | D:10     | Killed a hill giant
 11666 | D:10     | Reached skill level 10 in Spellcasting
 11671 | D:10     | Learned a level 3 spell: Call Canine Familiar
 11938 | D:9      | Gained mutation: You cannot be stealthy. [Ru sacrifice]
 12128 | D:9      | Noticed Erica
 12133 | D:9      | Killed Erica
 12327 | D:9      | Found an oddly glowing altar of Pakellas.
 12347 | D:9      | Gained mutation: You possess an exceptional clarity of mind. [potion of mutation]
 12347 | D:9      | Gained mutation: Your flesh is very cold resistant. [potion of mutation]
 12347 | D:9      | Gained mutation: You have a pair of small horns on your head. [potion of mutation]
 12738 | D:9      | Found a glowing golden altar of the Shining One.
 12738 | D:9      | Found a radiant altar of Vehumet.
 12741 | D:9      | Found a burning altar of Makhleb.
 12741 | D:9      | Found a sparkling altar of Nemelex Xobeh.
 12803 | D:9      | Reached skill level 12 in Necromancy
 13422 | D:10     | Found a staircase to the Lair.
 13806 | D:10     | Gained mutation: You are mostly covered in rugged brown scales (AC +2, +5% HP). [demonic ancestry]
 13806 | D:10     | Reached XP level 12. HP: 61/89 MP: 16/26
 14365 | D:11     | Gained mutation: You occasionally shout uncontrollably at your foes. [Ru sacrifice]
 14365 | D:11     | Reached ****** piety under Ru
 14653 | D:11     | Reached skill level 5 in Fighting
 14741 | D:11     | Reached skill level 5 in Polearms
 15097 | D:12     | Noticed chonchonts's ghost (journeyman MiFi)
 15392 | D:12     | Killed chonchonts's ghost
 16062 | D:13     | Killed a six-headed hydra
 16333 | D:13     | Found Bis Ygum's Magic Scroll Shoppe.
 17056 | Lair:1   | Entered Level 1 of the Lair of Beasts
 17100 | Lair:1   | Noticed JokEr's ghost (journeyman MfFi)
 17121 | Lair:1   | Killed JokEr's ghost
 17912 | D:13     | Bought a scroll of remove curse for 42 gold pieces
 17942 | D:13     | Noticed a catoblepas
 17953 | D:13     | Killed a catoblepas
 17953 | D:13     | Reached skill level 13 in Necromancy
 17960 | D:13     | Learned a level 4 spell: Summon Lightning Spire
 18134 | Lair:2   | Found a frozen archway.
 18143 | IceCv    | Entered an ice cave
 18143 | IceCv    | Noticed root's ghost (journeyman OgBe)
 18158 | IceCv    | Killed root's ghost
 18158 | IceCv    | Reached XP level 13. HP: 39/97 MP: 16/28
 18754 | IceCv    | Reached skill level 5 in Summonings
 19111 | Lair:2   | Noticed Nergalle
 19146 | Lair:2   | Killed Nergalle
 20272 | Lair:3   | Gained mutation: You have large cloven feet. [potion of beneficial mutation]
 20597 | Lair:4   | Noticed Harold
 20653 | Lair:4   | Killed Harold
 20684 | Lair:4   | Found a staircase to the Shoals.
 20976 | Lair:4   | Noticed Maud
 20994 | Lair:4   | Killed Maud
 21619 | Lair:5   | Found a staircase to the Snake Pit.
 21760 | Lair:5   | Noticed Nessos
 21777 | Lair:5   | Killed Nessos
 23505 | Orc:1    | Entered Level 1 of the Orcish Mines
 23749 | Orc:1    | Found an iron altar of Okawaru.
 23973 | Orc:2    | Entered Level 2 of the Orcish Mines
 24127 | Orc:2    | Reached skill level 1 in Axes
 24152 | Orc:2    | Found Jucie's Armour Shop.
 24152 | Orc:2    | Found Weedgh's Food Shoppe.
 24153 | Orc:2    | Reached XP level 14. HP: 96/106 MP: 18/30
 24212 | Orc:2    | Bought a +0 pair of gloves of dexterity for 138 gold pieces
 24244 | Orc:2    | Found a roughly hewn altar of Beogh.
 24456 | Orc:2    | Noticed Maurice
 24469 | Orc:2    | Killed Maurice
 24658 | Orc:2    | Found a staircase to the Elven Halls.
 24658 | Orc:2    | Noticed an orc warlord
 24685 | Orc:2    | Killed an orc warlord
 24837 | Orc:2    | Found Malogam's Assorted Antiques.
 24837 | Orc:2    | Found Biar's General Store.
 25098 | Orc:2    | Upgraded the game from 0.18-a0-846-g91b95b1 to 0.18-a0-867-gfd1cc8f
 25837 | D:14     | Found a gate to the Vaults.
 26316 | D:14     | Reached skill level 14 in Necromancy
 26389 | D:14     | Found Atariy's Armour Shoppe.
 27343 | Lair:7   | Noticed Raultor's ghost (journeyman DrMo)
 27353 | Lair:7   | Killed Raultor's ghost
 28209 | Lair:7   | Upgraded the game from 0.18-a0-867-gfd1cc8f to 0.18-a0-888-gdb73dea
 28221 | Lair:8   | Entered Level 8 of the Lair of Beasts
 28324 | Lair:8   | Gained mutation: You have a pair of horns on your head. [demonic ancestry]
 28324 | Lair:8   | Reached XP level 15. HP: 69/112 MP: 7/32
 28601 | Lair:8   | Found a runed door.
 28602 | Lair:8   | Found a viscous altar of Jiyva.
 28603 | Lair:8   | Found a staircase to the Slime Pits.
 29747 | Snake:1  | Entered Level 1 of the Snake Pit
 29820 | Snake:1  | Noticed a greater naga
 29828 | Snake:1  | Killed a greater naga
 30605 | Snake:1  | Found Avaocleq's Weapon Shoppe.
 30624 | Snake:1  | Learned a level 2 spell: Repel Missiles
 31142 | Snake:2  | Noticed a greater naga
 31149 | Snake:2  | Killed a greater naga
 31280 | Snake:2  | Noticed Kirke
 31292 | Snake:2  | Killed Kirke
 32492 | Snake:3  | Reached skill level 1 in Shields
 33469 | Snake:4  | Entered Level 4 of the Snake Pit
 33511 | Snake:4  | Reached skill level 10 in Polearms
 33652 | Snake:4  | Reached XP level 16. HP: 49/120 MP: 2/33
 33940 | Snake:4  | Reached skill level 10 in Dodging
 33940 | Snake:4  | Reached skill level 1 in Air Magic
 34228 | Snake:4  | Reached skill level 15 in Necromancy
 34239 | Snake:4  | Reached skill level 10 in Summonings
 34281 | Snake:4  | HP: 2/121 [naga warrior/halberd (13)]
 34281 | Snake:4  | Slain by a naga warrior

Vault maps used:
D:1:      minmay_arrival_four_circles
D:2:      nicolae_qazlal_general_emergency, serial_undead, serial_undead_c,
          serial_undead_d, serial_undead_d, serial_undead_a,
          guppyfry_early_orc_mine
D:3:      ecumenical_altar_1
D:4:      grunt_temple_overflow_bloody_war, nicolae_ru_great_annihilating_truth,
          minmay_temple_entry_butterflies, serial_shops, nicolae_shop_trees,
          eino_curves_01, elyvilon_altar_5, uniq_natasha
D:5:      kennysheep_kobold_camp, serial_shops, nicolae_shop_trees, first_bread
D:6:      lemuel_doored_altar, kennysheep_mini_moat
D:7:      basic_altar
D:8:      lemuel_coloured_pillars_altar, st_stairs_4
D:9:      grunt_temple_overflow_open, old_standard_altar, uniq_erica
D:10:     kennysheep_town
D:12:     serial_glass, glass_columns_a, glass_columns_a, item_on_display_a,
          hangedman_fish_farm
D:13:     serial_shops, nicolae_shop_stone, shop_scrolls
D:14:     minmay_isolated_rectangles_in_corner, erik_vaults_2, serial_shops,
          shop
Temple:   jpeg_temple_alley_garden_8
Lair:1:   fungi_pond_lemuel
Lair:2:   portal_ice_cave_entry_pillars_02, uniq_nergalle
Lair:4:   elwin_shoals_entry_stream, st_stairs_6, uniq_maud, uniq_harold
Lair:5:   guppyfry_snake_entry_island, uniq_nessos
Lair:6:   grunt_megastairs_5, lemuel_fruit_tree
Lair:7:   grunt_megastairs_4
Lair:8:   grunt_lair_end_beastmaster, slime_altar_2
Snake:1:  serial_shops, shop, statue_in_the_mist_lemuel, spider_trap
Snake:2:  uniq_kirke
Snake:4:  johnstein_snake_rune_scales, serial_bayou_shore_a
Orc:1:    serial_shops, okawaru_metal_pillars_3
Orc:2:    st_orc_town, uniq_maurice
IceCv:    ice_cave_small_demon

Action                   |  1- 3 |  4- 6 |  7- 9 | 10-12 | 13-15 | 16-18 || total
-------------------------+-------+-------+-------+-------+-------+-------++-------
Melee: Unarmed           |     6 |       |       |       |       |       ||     6
       Trident           |    47 |   134 |   253 |   576 |   636 |       ||  1646
       Short sword       |       |       |    40 |       |       |       ||    40
       War axe           |       |       |       |       |   701 |    60 ||   761
       Halberd           |       |       |       |       |    43 |       ||    43
 Cast: Pain              |    54 |    25 |    57 |    97 |    66 |       ||   299
       Animate Skeleton  |     3 |     3 |       |       |       |       ||     6
       Vampiric Draining |     2 |    11 |    43 |    95 |   179 |    14 ||   344
       Animate Dead      |       |       |    28 |    47 |    94 |     5 ||   174
       Regeneration      |       |       |    13 |    42 |    82 |     8 ||   145
       Control Undead    |       |       |     1 |    12 |     6 |       ||    19
       Call Imp          |       |       |       |    38 |    44 |     3 ||    85
       Call Canine Famil |       |       |       |    27 |    39 |     4 ||    70
       Summon Lightning  |       |       |       |     1 |    21 |     3 ||    25
       Repel Missiles    |       |       |       |       |     3 |     1 ||     4
Invok: Sacrifice Artific |       |       |     1 |       |       |       ||     1
       Sacrifice Arcana  |       |       |     1 |       |       |       ||     1
       Apocalypse        |       |       |       |     3 |     3 |       ||     6
       Sacrifice Durabil |       |       |       |     1 |       |       ||     1
       Sacrifice Stealth |       |       |       |     1 |       |       ||     1
       Power Leap        |       |       |       |     1 |       |       ||     1
       Sacrifice Purity  |       |       |       |     1 |       |       ||     1
       Draw Out Power    |       |       |       |       |       |     1 ||     1
  Use: Scroll            |       |       |    12 |    12 |    17 |       ||    41
       Potion            |       |       |     8 |     8 |     6 |     2 ||    24
 Stab: Sleeping          |     4 |     4 |    10 |     3 |       |       ||    21
       Distracted        |       |       |     3 |     5 |    24 |     3 ||    35
       Invisible         |       |       |     1 |     3 |    13 |     5 ||    22
       Paralysed         |       |       |       |    17 |    53 |     2 ||    72
  Eat: Chunk             |     4 |     8 |    18 |    25 |    27 |       ||    82
       Beef jerky        |       |     1 |       |     2 |     2 |       ||     5
       Meat ration       |       |       |     1 |     1 |     5 |     1 ||     8
       Pizza             |       |       |     1 |       |     1 |       ||     2
       Royal jelly       |       |       |       |     1 |     1 |       ||     2
       Bread ration      |       |       |       |       |     1 |       ||     1
